Map: Cerulean Fall LE

Players

Cocosaurio

  • Race: Terran Terran
  • League: Platinum
  • Spawn Location: 7:00

Petrie - Winner!

  • Race: Terran Terran
  • League: Platinum
  • Spawn Location: 1:00

VOD

Have the link to the VOD?

Description

Time

  • Played on: Aug. 16, 2018, 6:12 a.m.
  • Length: 34:30
Show
View Real Time Build Order
Export as new Build Order

Cocosaurio Terran 

Build Orders: Reaper Expand, Banshee Rush 

Get SALT Encoding   

  12  0:07  Refinery  
  12  0:17  Supply Depot  
  12  0:23  SCV  
  13  0:40  Barracks  
  13  0:49  SCV  
  14  1:01  SCV  
  15  1:13  SCV  
  16  1:26  SCV  
  16  1:27  Reaper  
  16  1:29  Factory  
  18  1:44  Orbital Command  
  18  2:05  Barracks Reactor  
  19  2:15  Hellion  
  19  2:22  SCV  
  19  2:53  Barracks Tech Lab  
  19  2:54  Command Center  
  19  2:56  Starport  
  19  3:01  Refinery  
  19  3:09  Cyclone  
  22  3:16  Refinery  
  22  3:17  Marine  
  23  3:46  Barracks Tech Lab  
  23  3:48  Supply Depot, Cloaking Field  
  23  3:59  Refinery  
  23  4:05  SCV, Banshee  
  23  4:06  Orbital Command  
  27  4:17  SCV  
  27  4:22  Marine  
  29  4:28  Stimpack  
  29  4:30  SCV  
  30  4:38  Cyclone  
  31  5:01  Cyclone  
  31  5:03  Medivac  
  31  5:05  SCV x2  
  38  5:16  Engineering Bay  
  38  5:17  SCV x2  
  40  5:29  SCV  
  41  5:37  SCV  
  41  5:40  Marine  
  41  5:41  SCV  
  44  5:49  SCV  
  45  5:57  Marine  
  46  6:10  Command Center  
  46  6:27  Missile Turret  
  46  6:31  Missile Turret x3  
  46  6:35  Factory Tech Lab  
  46  6:46  Barracks, Missile Turret  
  46  6:49  Barracks  
  46  7:22  SCV x2, Marine, Siege Tank  
  52  7:25  Orbital Command  
  52  7:34  SCV x2  
  54  7:40  Marine  
  54  7:41  Barracks Reactor  
  55  7:46  SCV x2  
  57  7:54  Siege Tank  
  57  7:55  SCV  
  61  8:21  Supply Depot  
  61  8:23  Supply Depot  
  61  8:42  Marine x4  
  61  8:43  SCV  
  61  8:46  Supply Depot  
  66  8:54  Starport  
  66  9:00  Marine x2  
  57  9:23  Orbital Command  
  57  9:32  Starport  
  57  9:36  SCV x2, Refinery  
  57  9:38  Starport Reactor  
  59  9:47  Medivac  
  59  9:48  SCV  
  62  9:56  Refinery, Command Center  
  62  10:01  Refinery  
  62  10:09  Starport  
  58  10:17  Medivac  
  46  10:30  Starport Reactor  
  46  10:32  Viking x2  
  46  10:35  Marine x2  
  47  10:36  Marine  
  50  10:47  Viking  
  50  10:48  Missile Turret  
  52  10:50  Starport Reactor  
  52  11:01  Viking  
  52  11:02  Marine x5, Missile Turret  
  59  11:04  Viking  
  59  11:07  Missile Turret  
  59  11:08  Missile Turret  
  61  11:16  SCV x4  
  61  11:17  Viking  
  67  11:19  Marine  
  67  11:22  Viking x2, Missile Turret  
  72  11:27  Missile Turret  
  72  11:28  SCV x4  
  72  11:29  Siege Tank, Missile Turret  
  72  11:31  Viking  
  81  11:34  Viking  
  81  11:37  Viking x2, Armory  
  87  11:40  SCV  
  87  11:42  Missile Turret  
  88  11:47  Viking, Missile Turret  
  88  11:48  Factory, Planetary Fortress  
  88  11:52  Viking  
  90  12:23  Marine x3  
  90  12:24  Marine  
  76  12:48  Marine x3  
  76  12:49  Siege Tank  
  82  12:55  Factory Tech Lab  
  82  12:57  SCV x4  
  86  13:07  Marine x4  
  86  13:09  SCV x3, Command Center  
  85  13:22  Siege Tank  
  85  13:25  Siege Tank  
  87  13:30  Viking  
  87  13:31  Viking x5  
  99  13:36  SCV  
  100  13:46  Supply Depot  
  100  14:08  Viking x3, SCV x2  
  108  14:10  Supply Depot  
  108  14:20  Siege Tank x2, Viking x2, SCV x2  
  120  14:24  Refinery  
  116  14:32  SCV, Supply Depot  
  106  14:52  Siege Tank x2  
  106  14:56  Supply Depot  
  101  15:08  Viking x5  
  107  15:25  Siege Tank x2  
  107  15:26  Viking x2  
  107  15:27  Marine  
  112  15:44  SCV x3  
  112  15:46  Refinery  
  115  15:57  Siege Tank x2, Viking x5  
  121  16:00  Marine  
  121  16:01  Refinery  
  121  16:02  Command Center  
  121  16:03  Refinery x2  
  132  16:05  Refinery  
  132  16:23  Viking, Marine  
  132  16:24  Marine x4  
  131  16:27  Viking x2  
  131  16:28  Viking  
  131  16:30  Siege Tank  
  131  16:31  Viking  
  131  16:36  Siege Tank, Viking  
  129  16:41  Marine  
  129  16:42  Marine x2  
  132  16:53  Supply Depot x2  
  132  16:54  Barracks, Supply Depot  
  132  16:55  Supply Depot  
  132  16:57  Barracks  
  132  17:00  Barracks  
  132  17:09  Marine x2  
  132  17:13  Siege Tank, Marine x3  
  136  17:16  Supply Depot  
  131  17:23  Barracks  
  131  17:27  Marine x2  
  131  17:28  Barracks  
  120  17:31  Marine x2  
  99  17:44  Siege Tank  
  99  17:45  Siege Tank, Marine  
  99  17:47  Viking x5  
  99  17:48  Viking x2  
  116  17:53  Orbital Command  
  116  18:13  Barracks Reactor x2  
  116  18:14  Barracks Reactor x2  
  116  18:15  Command Center  
  116  18:17  Siege Tank, Medivac x2, Viking x3  
  116  18:18  Siege Tank  
  116  18:52  Marine x5  
  116  18:53  Marine x9  
  127  19:11  Marauder, Medivac  
  127  19:12  Medivac x4  
  127  19:14  Medivac  
  141  19:18  Marine  
  141  19:19  Marine x12  
  154  19:33  Marauder  
  154  19:36  Marine  
  154  19:37  Marine x8  
  133  19:54  Marauder  
  133  19:57  Marine x2  
  133  19:58  Marine x11  
  146  20:05  Siege Tank  
  146  20:06  Siege Tank  
  152  20:11  Orbital Command  
  152  20:14  Marine  
  152  20:15  Marauder, Marine  
  152  20:16  Marine  
  157  20:37  Marauder, Siege Tank  
  157  20:38  Siege Tank  
  109  20:58  Marauder  
  98  21:05  Marine  
  98  21:06  Marine x8  
  98  21:07  Marine x4  
  98  21:10  Siege Tank x2  
  113  21:17  Viking  
  113  21:18  Viking  
  113  21:20  Marauder  
  113  21:23  Marine  
  113  21:24  Marine x6  
  124  21:30  SCV x3  
  124  21:31  SCV x3  
  121  21:40  Viking  
  121  21:41  Marauder, Viking x3  
  121  21:42  Siege Tank x2, SCV x3  
  121  21:43  SCV x2  
  136  21:59  Viking  
  136  22:00  Viking x2  
  120  22:02  Marauder  
  105  22:24  Marauder  
  101  22:41  Marine  
  101  22:42  Marine x9  
  110  22:45  Marauder  
  110  22:50  Siege Tank  
  111  22:59  Marine x5  
  111  23:00  Marine x5  
  121  23:06  Marauder  
  123  23:17  Marine x9  
  123  23:18  Marine  
  133  23:22  Siege Tank, Command Center  
  133  23:23  Refinery  
  133  23:26  Refinery  
  136  23:28  Marauder  
  136  23:33  Command Center  
  131  23:34  Marine  
  131  23:35  Marine x5  
  129  23:49  Marauder  
  129  23:54  Siege Tank  
  130  24:14  Viking x3  
  130  24:15  Viking x4  
  144  24:20  Refinery  
  144  24:27  Siege Tank  
  147  24:44  Viking x5  
  147  24:45  Viking x2  
  124  25:14  Viking  
  100  25:37  Viking  
  100  25:38  Viking x5  
  110  25:44  Viking  
  106  25:54  Siege Tank  
  106  25:55  Marauder, Marine x3  
  106  25:56  Marine x7  
  119  26:07  Viking  
  119  26:08  Viking x2  
  122  26:12  Factory  
  122  26:13  Factory, Marine x5  
  122  26:17  Factory  
  127  26:26  Siege Tank  
  127  26:29  Command Center  
  116  26:42  Marauder, Marine  
  116  26:43  Marine  
  110  27:01  Factory  
  110  27:04  Marauder  
  110  27:05  Factory  
  105  27:25  Marauder  
  94  27:33  Factory Tech Lab x3  
  94  27:39  Factory Tech Lab x2  
  94  27:40  Factory Tech Lab  
  94  27:49  Planetary Fortress  
  94  27:50  Refinery  
  96  28:05  Hellion  
  96  28:06  Hellion x3  
  99  28:24  Planetary Fortress  
  99  28:27  Hellion x3  
  77  28:49  Hellion  
  69  29:03  Marine  
  69  29:04  Marine x8  
  78  29:10  Hellion  
  78  29:16  Factory  
  78  29:17  Factory  
  78  29:19  Factory  
  78  29:21  Marine x2  
  78  29:22  Marine  
  78  29:23  Factory  
  57  30:00  Factory  
  57  30:02  Viking  
  57  30:03  Viking x6  
  53  30:13  Marine  
  50  30:14  Marauder, Marine  
  50  30:15  Marine x3  
  59  30:31  Marine  
  59  30:32  Viking  
  59  30:33  Viking x6  
  59  30:35  Marauder  
  59  30:57  Marauder  
  31  31:18  Marauder  
  33  31:21  Marine  
  33  31:22  Marine x3  
  37  31:39  Marine x2  
  39  31:40  Marine x3  
  42  31:56  Refinery  
  42  32:07  SCV  
  43  32:14  Orbital Command  
  39  32:59  SCV  
  39  33:00  SCV  
  41  33:12  SCV  
  38  33:25  Orbital Command  
  34  33:28  Marine  
  34  33:29  Marine x4  
  35  33:46  Marine  
  35  33:47  Marine x4  
  36  34:04  Marine x5  
Show
View Real Time Build Order
Export as new Build Order

Petrie Terran - Winner!

Build Orders: Reaper Expand, MMM Bio 

Get SALT Encoding   

  12  0:01  SCV  
  13  0:13  SCV  
  14  0:18  Supply Depot  
  14  0:25  SCV  
  15  0:40  SCV  
  15  0:42  Barracks  
  16  0:48  Refinery  
  16  0:52  SCV  
  17  1:05  SCV  
  18  1:18  SCV  
  19  1:30  Orbital Command  
  19  1:31  Reaper  
  20  1:41  Command Center  
  20  1:50  Refinery  
  20  1:56  Supply Depot  
  20  1:57  SCV  
  21  2:10  Barracks Reactor  
  21  2:18  Barracks  
  21  2:19  SCV  
  21  2:50  SCV  
  22  2:53  Factory, Marine x2  
  22  2:55  Orbital Command  
  24  3:02  SCV  
  25  3:09  Engineering Bay  
  25  3:13  Marine x2  
  25  3:14  SCV  
  28  3:21  SCV  
  28  3:26  SCV  
  30  3:32  Barracks Tech Lab  
  30  3:33  SCV  
  31  3:39  SCV, Factory Tech Lab  
  32  3:43  Starport  
  32  3:45  SCV  
  33  3:51  SCV  
  34  3:57  Marine x3  
  34  3:58  Barracks  
  34  3:59  Stimpack  
  34  4:00  Barracks  
  37  4:04  SCV x2  
  39  4:14  Siege Tank  
  39  4:16  SCV x2  
  44  4:21  Starport Reactor  
  44  4:28  SCV x2  
  46  4:41  Starport  
  46  4:44  Supply Depot  
  46  4:48  Supply Depot  
  46  5:06  SCV x2  
  48  5:08  Supply Depot  
  48  5:11  Supply Depot  
  48  5:18  SCV x2, Starport Tech Lab  
  48  5:19  Command Center  
  50  5:22  Medivac  
  50  5:23  Medivac  
  52  5:30  SCV x2  
  52  5:33  Marine x5  
  57  5:42  SCV x2  
  54  5:50  Marine, Missile Turret  
  54  5:51  Marine  
  54  5:54  SCV x2  
  54  6:02  Missile Turret  
  54  6:03  Missile Turret  
  52  6:06  SCV x2  
  52  6:07  Viking  
  53  6:18  SCV x2  
  53  6:24  Viking  
  57  6:29  Missile Turret  
  57  6:30  SCV x2  
  59  6:39  Supply Depot  
  59  6:40  Barracks Reactor  
  59  6:41  Barracks Reactor  
  59  6:42  SCV  
  60  6:48  SCV  
  60  6:53  Marine x2  
  63  6:55  SCV  
  63  7:00  SCV  
  65  7:02  Fusion Core  
  65  7:16  Marine x2  
  65  7:17  Marine x3  
  65  7:18  Marauder, Marine  
  65  7:21  Starport  
  73  7:23  SCV x2  
  73  7:26  Refinery  
  75  7:30  Refinery  
  75  7:31  Missile Turret  
  75  7:35  SCV x2  
  77  7:37  Orbital Command  
  72  8:09  Battlecruiser  
  78  8:19  Marine x2  
  79  8:20  Marine x5  
  79  8:24  Battlecruiser  
  91  8:37  Marine x3  
  94  8:44  SCV x3  
  97  8:56  SCV x2  
  97  8:57  SCV  
  100  9:08  SCV  
  101  9:12  SCV  
  101  9:18  Starport Tech Lab  
  101  9:22  Refinery  
  101  9:24  Refinery  
  101  9:27  Supply Depot x3  
  101  9:30  Supply Depot  
  101  9:32  Supply Depot x2  
  101  9:48  SCV x2, Battlecruiser  
  101  9:49  SCV  
  101  9:50  Combat Shields  
  110  9:55  Battlecruiser  
  116  10:00  SCV x2  
  116  10:01  SCV  
  89  10:32  Marine x3  
  89  10:33  Marine x4  
  96  10:36  SCV x3  
  96  10:39  Battlecruiser  
  105  10:44  Armory  
  105  10:48  SCV x3  
  108  11:00  SCV x2  
  108  11:01  SCV  
  111  11:05  Marine x2  
  111  11:06  Marine x5  
  118  11:12  SCV x2, Battlecruiser  
  118  11:13  SCV  
  127  11:23  Battlecruiser  
  127  11:24  SCV  
  134  11:27  Marine  
  134  11:28  Marine x5  
  134  11:29  Marine  
  141  11:36  Barracks  
  141  11:38  Barracks  
  141  11:41  Barracks  
  141  11:47  Viking  
  143  11:56  SCV x3  
  138  12:09  Command Center  
  138  12:10  SCV  
  138  12:11  SCV x2  
  141  12:23  SCV x2  
  139  12:47  Marine x5  
  139  12:48  Marine x5  
  149  13:04  Supply Depot x2  
  149  13:05  Supply Depot  
  149  13:06  Supply Depot  
  149  13:09  Marine x2  
  149  13:10  Viking x2  
  149  13:20  Marine x5  
  149  13:21  Viking  
  156  13:33  Orbital Command  
  156  13:36  SCV x3  
  156  13:40  Viking x2  
  163  13:42  Marine  
  163  13:43  Marine x4  
  163  13:44  Marine x4  
  163  13:45  Marine  
  163  13:46  Engineering Bay  
  163  13:47  Terran Infantry Weapons Level 1  
  173  13:49  Terran Ship Weapons Level 1  
  173  13:50  Viking  
  173  13:51  Armory  
  175  14:07  Command Center  
  174  14:10  Battlecruiser x2  
  174  14:11  Starport  
  186  14:21  Battlecruiser  
  180  14:48  Marine x6  
  180  14:49  Marine x4  
  181  15:06  Marine x10  
  187  15:14  Battlecruiser x2  
  186  15:23  Marine  
  186  15:24  Marine  
  178  15:34  Marine x8  
  175  15:37  Viking  
  175  15:41  Marine, Starport Reactor  
  175  15:42  Marine  
  179  15:47  Terran Infantry Weapons Level 2  
  179  15:49  Terran Ship Weapons Level 2  
  179  15:50  Terran Vehicle And Ship Armor Level 1  
  179  15:51  Marine, Terran Infantry Armor Level 1  
  179  15:52  Marine x2  
  179  15:56  Refinery  
  182  15:58  Refinery  
  182  16:00  Supply Depot  
  129  16:40  Battlecruiser  
  129  16:41  Battlecruiser x2  
  129  16:43  Medivac  
  129  16:44  Medivac  
  129  16:45  Marine x7  
  129  16:46  Marine x3  
  161  16:56  Command Center  
  161  16:59  Command Center  
  161  17:01  SCV  
  161  17:02  SCV  
  161  17:03  Marine x9  
  152  17:23  Marine  
  152  17:24  Marine x6  
  141  17:32  Marine  
  141  17:33  Marine x2  
  120  17:41  Marine  
  120  17:42  Marine x5  
  122  17:45  Battlecruiser x3  
  140  18:12  Terran Infantry Armor Level 2  
  140  18:13  Terran Infantry Weapons Level 3  
  140  18:16  Marine x2  
  140  18:17  Marine x5  
  140  18:18  Marine x3  
  150  18:34  Marine x3  
  128  18:49  Battlecruiser x3  
  128  18:51  Marine x2  
  128  18:52  Marine x5  
  128  18:53  Marine x2  
  155  19:00  Refinery  
  154  19:15  Viking x2  
  158  19:17  Marine  
  158  19:18  Marine x7  
  158  19:19  Marine  
  156  19:58  Viking x4  
  156  19:59  Viking  
  160  20:02  Planetary Fortress  
  160  20:04  Planetary Fortress  
  160  20:09  Marine x3  
  160  20:10  Marine x7  
  170  20:21  Barracks  
  170  20:22  Command Center  
  170  20:23  Barracks  
  170  20:24  Barracks  
  170  20:27  Marine x5  
  175  20:31  Sensor Tower  
  175  20:36  Sensor Tower  
  168  21:05  Marine  
  168  21:06  Marine x8  
  176  21:14  Marine x2  
  176  21:15  Marine  
  179  21:20  Barracks Reactor  
  179  21:23  Marine  
  179  21:24  Marine x3  
  179  21:25  Barracks Reactor x2  
  182  21:26  Marine x3  
  182  21:30  Medivac x3  
  182  21:31  Battlecruiser  
  134  22:02  Battlecruiser x2  
  134  22:06  Marine  
  131  22:26  Marine  
  131  22:27  Marine x15  
  131  22:44  Marine  
  131  22:45  Marine x6  
  131  22:46  Marine  
  131  22:47  Marine x8  
  141  22:56  Refinery  
  141  22:57  Refinery  
  138  23:02  Terran Ship Weapons Level 3, Marine x2, Terran Vehicle And Ship Armor Level 2  
  138  23:03  Marine x5  
  138  23:04  Terran Infantry Armor Level 3, Marine x5  
  149  23:08  Orbital Command  
  149  23:13  Refinery  
  149  23:21  Battlecruiser x2  
  149  23:23  Battlecruiser  
  149  23:25  Marine  
  149  23:26  Marine x15  
  183  23:43  Marine  
  183  23:44  Marine x7  
  191  23:51  Marine  
  191  23:52  Marine x7  
  199  24:01  Marine  
  189  25:10  Battlecruiser  
  195  25:27  Orbital Command  
  188  25:53  Marine x2  
  188  25:54  Marine x10  
  197  26:50  Medivac  
  199  27:40  Marine  
  200  27:46  Refinery  
  182  29:00  Marine  
  182  29:01  Marine x14  
  182  29:02  Marine  
  192  29:12  Medivac x4  
  197  29:18  Marine  
  197  29:19  Marine x6  
  177  29:40  Marine x11  
  177  29:41  Marine x5  
  177  29:42  Medivac x2  
  199  29:59  Battlecruiser  
  150  31:20  Marine x13  
  150  31:21  Marine x3  
  166  31:37  Marine  
  166  31:38  Marine x15  
  182  31:41  Command Center  
  182  31:44  Battlecruiser x3  
  182  31:46  Command Center  
  181  32:31  SCV x4  
  181  32:32  SCV x2  
  181  32:43  SCV x3  
  180  33:42  Marine x5  
  180  33:43  Marine x11  
  195  34:00  Marine x5  
  199  34:17  Refinery  
Tags
 
Add a new tag
Caveats
  • Supply blocks, unpowered buildings, or Contaminate may cause inaccurate times.
  • Supply counts are checked every 10 seconds.